Workbook

Sheet PO
B1: MUNICÍPIO DE SANTA BÁRBARA D'OESTE - SP
B2: SECRETARIA MUNICIPAL DE OBRAS E SERVIÇOS
A4: PLANILHA ORÇAMENTÁRIA
A6: Objeto: | C6: Recuperação da Ponte San Marino-Laranjeiras | H6: Data base: | I6: 46078 | K6: Desconto ofertado:
A7: Local: | C7: Divisa entre os bairros San Marino e Laranjeiras no município de Santa Bárbara d'Oeste | H7: BDI: | I7: 0.228 | K7: Preço total ofertado: | M7: =$M$144 -> 0
A8: Empresa Licitante:
A10: Item | B10: Código | C10: Referência | D10: Descrição | E10: Unid. | F10: Quant. | G10: BDI | H10: Preço estimado da contratação | K10: Preço ofertado em licitação
H11: Preço s/ BDI | I11: Preço c/ BDI | J11: Preço total | K11: Preço s/ BDI | L11: Preço c/ BDI | M11: Preço total
A12: 1 | D12: SERVIÇOS PRELIMINARES | J12: =SUBTOTAL(9,J13:J19) -> 30151.1 | M12: =SUBTOTAL(9,M13:M19) -> 0
A13: 1.1 | D13: IDENTIFICAÇÃO DE OBRA | J13: =SUBTOTAL(9,J14) -> 6814.74 | M13: =SUBTOTAL(9,M14) -> 0
A14: 1.1.1 | B14: 02.08.020 | C14: CDHU | D14: Placa de identificação para obra | E14: M2 | F14: 6 | G14: =IF(C14="DER",0.35,$I$7) -> 0.228 | H14: 924.91 | I14: =ROUND(H14*(1+$G14),2) -> 1135.79 | J14: =ROUND(ROUND($F14,2)*ROUND(I14,2),2) -> 6814.74 | K14: =IF($M$6=0,0,L14/(1+$G14)) -> 0 | L14: =IF($M$6=0,0,ROUND(I14*(1-$M$6),2)) -> 0 | M14: =ROUND(ROUND($F14,2)*ROUND(L14,2),2) -> 0
A15: 1.2 | D15: CANTEIRO DE OBRAS | J15: =SUBTOTAL(9,J16:J17) -> 16435.92 | M15: =SUBTOTAL(9,M16:M17) -> 0
A16: 1.2.1 | B16: 02.02.150 | C16: CDHU | D16: Locação de container tipo depósito - área mínima de 13,80 m² | E16: UNMES | F16: 6 | G16: =IF(C16="DER",0.35,$I$7) -> 0.228 | H16: 981.38 | I16: =ROUND(H16*(1+$G16),2) -> 1205.13 | J16: =ROUND(ROUND($F16,2)*ROUND(I16,2),2) -> 7230.78 | K16: =IF($M$6=0,0,L16/(1+$G16)) -> 0 | L16: =IF($M$6=0,0,ROUND(I16*(1-$M$6),2)) -> 0 | M16: =ROUND(ROUND($F16,2)*ROUND(L16,2),2) -> 0
A17: 1.2.2 | B17: 02.01.180 | C17: CDHU | D17: Banheiro químico modelo Standard, com manutenção conforme exigências da CETESB | E17: UNMES | F17: 6 | G17: =IF(C17="DER",0.35,$I$7) -> 0.228 | H17: 1249.34 | I17: =ROUND(H17*(1+$G17),2) -> 1534.19 | J17: =ROUND(ROUND($F17,2)*ROUND(I17,2),2) -> 9205.14 | K17: =IF($M$6=0,0,L17/(1+$G17)) -> 0 | L17: =IF($M$6=0,0,ROUND(I17*(1-$M$6),2)) -> 0 | M17: =ROUND(ROUND($F17,2)*ROUND(L17,2),2) -> 0
A18: 1.3 | D18: LOCAÇÃO DE OBRA | J18: =SUBTOTAL(9,J19) -> 6900.44 | M18: =SUBTOTAL(9,M19) -> 0
A19: 1.3.1 | B19: 02.10.060 | C19: CDHU | D19: Locação de vias, calçadas, tanques e lagoas | E19: M2 | F19: 3053.29 | G19: =IF(C19="DER",0.35,$I$7) -> 0.228 | H19: 1.84 | I19: =ROUND(H19*(1+$G19),2) -> 2.26 | J19: =ROUND(ROUND($F19,2)*ROUND(I19,2),2) -> 6900.44 | K19: =IF($M$6=0,0,L19/(1+$G19)) -> 0 | L19: =IF($M$6=0,0,ROUND(I19*(1-$M$6),2)) -> 0 | M19: =ROUND(ROUND($F19,2)*ROUND(L19,2),2) -> 0
A20: 2 | D20: LIMPEZAS E DEMOLIÇÕES | J20: =SUBTOTAL(9,J21:J37) -> 47029.74 | M20: =SUBTOTAL(9,M21:M37) -> 0
A21: 2.1 | D21: LIMPEZA E REMOÇÃO DE CAMADA VEGETAL | J21: =SUBTOTAL(9,J22:J24) -> 11092.25 | M21: =SUBTOTAL(9,M22:M24) -> 0
A22: 2.1.1 | B22: 22.01.02 | C22: DER | D22: LIMP.TERRENO C/DEST.ARV.PERIMETRO<=78CM | E22: m2 | F22: 1482.43 | G22: =IF(C22="DER",0.35,$I$7) -> 0.35 | H22: 1.2814815 | I22: =ROUND(H22*(1+$G22),2) -> 1.73 | J22: =ROUND(ROUND($F22,2)*ROUND(I22,2),2) -> 2564.6 | K22: =IF($M$6=0,0,L22/(1+$G22)) -> 0 | L22: =IF($M$6=0,0,ROUND(I22*(1-$M$6),2)) -> 0 | M22: =ROUND(ROUND($F22,2)*ROUND(L22,2),2) -> 0
A23: 2.1.2 | B23: 22.02.06 | C23: DER | D23: CARGA DE MATERIAL LIMPEZA | E23: m3 | F23: 296.49 | G23: =IF(C23="DER",0.35,$I$7) -> 0.35 | H23: 3.7407407 | I23: =ROUND(H23*(1+$G23),2) -> 5.05 | J23: =ROUND(ROUND($F23,2)*ROUND(I23,2),2) -> 1497.27 | K23: =IF($M$6=0,0,L23/(1+$G23)) -> 0 | L23: =IF($M$6=0,0,ROUND(I23*(1-$M$6),2)) -> 0 | M23: =ROUND(ROUND($F23,2)*ROUND(L23,2),2) -> 0
A24: 2.1.3 | B24: 05.10.026 | C24: CDHU | D24: Transporte de solo de 1ª e 2ª categoria por caminhão para distâncias superiores ao 20° km | E24: M3XKM | F24: 3083.5 | G24: =IF(C24="DER",0.35,$I$7) -> 0.228 | H24: 1.86 | I24: =ROUND(H24*(1+$G24),2) -> 2.28 | J24: =ROUND(ROUND($F24,2)*ROUND(I24,2),2) -> 7030.38 | K24: =IF($M$6=0,0,L24/(1+$G24)) -> 0 | L24: =IF($M$6=0,0,ROUND(I24*(1-$M$6),2)) -> 0 | M24: =ROUND(ROUND($F24,2)*ROUND(L24,2),2) -> 0
A25: 2.2 | D25: DESASSOREAMENTO DE CÓRREGO | J25: =SUBTOTAL(9,J26:J27) -> 6708.84 | M25: =SUBTOTAL(9,M26:M27) -> 0
A26: 2.2.1 | B26: 22.02.01 | C26: DER | D26: ESCAVACAO E CARGA DE MATERIAL DE 1/2A CATEGORIA | E26: m3 | F26: 184.4 | G26: =IF(C26="DER",0.35,$I$7) -> 0.35 | H26: 9.3851852 | I26: =ROUND(H26*(1+$G26),2) -> 12.67 | J26: =ROUND(ROUND($F26,2)*ROUND(I26,2),2) -> 2336.35 | K26: =IF($M$6=0,0,L26/(1+$G26)) -> 0 | L26: =IF($M$6=0,0,ROUND(I26*(1-$M$6),2)) -> 0 | M26: =ROUND(ROUND($F26,2)*ROUND(L26,2),2) -> 0
A27: 2.2.2 | B27: 05.10.026 | C27: CDHU | D27: Transporte de solo de 1ª e 2ª categoria por caminhão para distâncias superiores ao 20° km | E27: M3XKM | F27: 1917.76 | G27: =IF(C27="DER",0.35,$I$7) -> 0.228 | H27: 1.86 | I27: =ROUND(H27*(1+$G27),2) -> 2.28 | J27: =ROUND(ROUND($F27,2)*ROUND(I27,2),2) -> 4372.49 | K27: =IF($M$6=0,0,L27/(1+$G27)) -> 0 | L27: =IF($M$6=0,0,ROUND(I27*(1-$M$6),2)) -> 0 | M27: =ROUND(ROUND($F27,2)*ROUND(L27,2),2) -> 0
A28: 2.3 | D28: DEMOLIÇÃO DE LAJES DE APROXIMAÇÃO DA PONTE | J28: =SUBTOTAL(9,J29:J31) -> 5044.09 | M28: =SUBTOTAL(9,M29:M31) -> 0
A29: 2.3.1 | B29: 03.01.040 | C29: CDHU | D29: Demolição manual de concreto armado | E29: M3 | F29: 8.6 | G29: =IF(C29="DER",0.35,$I$7) -> 0.228 | H29: 454.2 | I29: =ROUND(H29*(1+$G29),2) -> 557.76 | J29: =ROUND(ROUND($F29,2)*ROUND(I29,2),2) -> 4796.74 | K29: =IF($M$6=0,0,L29/(1+$G29)) -> 0 | L29: =IF($M$6=0,0,ROUND(I29*(1-$M$6),2)) -> 0 | M29: =ROUND(ROUND($F29,2)*ROUND(L29,2),2) -> 0
A30: 2.3.2 | B30: 22.02.06 | C30: DER | D30: CARGA DE MATERIAL LIMPEZA | E30: m3 | F30: 8.6 | G30: =IF(C30="DER",0.35,$I$7) -> 0.35 | H30: 3.7407407 | I30: =ROUND(H30*(1+$G30),2) -> 5.05 | J30: =ROUND(ROUND($F30,2)*ROUND(I30,2),2) -> 43.43 | K30: =IF($M$6=0,0,L30/(1+$G30)) -> 0 | L30: =IF($M$6=0,0,ROUND(I30*(1-$M$6),2)) -> 0 | M30: =ROUND(ROUND($F30,2)*ROUND(L30,2),2) -> 0
A31: 2.3.3 | B31: 05.10.026 | C31: CDHU | D31: Transporte de solo de 1ª e 2ª categoria por caminhão para distâncias superiores ao 20° km | E31: M3XKM | F31: 89.44 | G31: =IF(C31="DER",0.35,$I$7) -> 0.228 | H31: 1.86 | I31: =ROUND(H31*(1+$G31),2) -> 2.28 | J31: =ROUND(ROUND($F31,2)*ROUND(I31,2),2) -> 203.92 | K31: =IF($M$6=0,0,L31/(1+$G31)) -> 0 | L31: =IF($M$6=0,0,ROUND(I31*(1-$M$6),2)) -> 0 | M31: =ROUND(ROUND($F31,2)*ROUND(L31,2),2) -> 0
A32: 2.4 | D32: DEMOLIÇÃO DE PAVIMENTO | J32: =SUBTOTAL(9,J33:J34) -> 1807.41 | M32: =SUBTOTAL(9,M33:M34) -> 0
A33: 2.4.1 | B33: 21.05.07 | C33: DER | D33: DEMOLICAO PAVIMENTOFLEXIVEL C/TRANSPORT | E33: m3 | F33: 22.43 | G33: =IF(C33="DER",0.35,$I$7) -> 0.35 | H33: 55.948148 | I33: =ROUND(H33*(1+$G33),2) -> 75.53 | J33: =ROUND(ROUND($F33,2)*ROUND(I33,2),2) -> 1694.14 | K33: =IF($M$6=0,0,L33/(1+$G33)) -> 0 | L33: =IF($M$6=0,0,ROUND(I33*(1-$M$6),2)) -> 0 | M33: =ROUND(ROUND($F33,2)*ROUND(L33,2),2) -> 0
A34: 2.4.2 | B34: 22.02.06 | C34: DER | D34: CARGA DE MATERIAL LIMPEZA | E34: m3 | F34: 22.43 | G34: =IF(C34="DER",0.35,$I$7) -> 0.35 | H34: 3.7407407 | I34: =ROUND(H34*(1+$G34),2) -> 5.05 | J34: =ROUND(ROUND($F34,2)*ROUND(I34,2),2) -> 113.27 | K34: =IF($M$6=0,0,L34/(1+$G34)) -> 0 | L34: =IF($M$6=0,0,ROUND(I34*(1-$M$6),2)) -> 0 | M34: =ROUND(ROUND($F34,2)*ROUND(L34,2),2) -> 0
A35: 2.5 | D35: EXECUÇÃO DE ENSECADEIRA | J35: =SUBTOTAL(9,J36:J37) -> 22377.15 | M35: =SUBTOTAL(9,M36:M37) -> 0
A36: 2.5.1 | B36: 24.03.04 | C36: DER | D36: ARGILA ENCH.ENSECADEIRA,INCL.APILOAMENTO | E36: m3 | F36: 189.87 | G36: =IF(C36="DER",0.35,$I$7) -> 0.35 | H36: 87.074074 | I36: =ROUND(H36*(1+$G36),2) -> 117.55 | J36: =ROUND(ROUND($F36,2)*ROUND(I36,2),2) -> 22319.22 | K36: =IF($M$6=0,0,L36/(1+$G36)) -> 0 | L36: =IF($M$6=0,0,ROUND(I36*(1-$M$6),2)) -> 0 | M36: =ROUND(ROUND($F36,2)*ROUND(L36,2),2) -> 0
A37: 2.5.2 | B37: 24.03.05 | C37: DER | D37: ESGOTAMENTO CONTINUO AGUA | E37: m3 | F37: 13.41 | G37: =IF(C37="DER",0.35,$I$7) -> 0.35 | H37: 3.2 | I37: =ROUND(H37*(1+$G37),2) -> 4.32 | J37: =ROUND(ROUND($F37,2)*ROUND(I37,2),2) -> 57.93 | K37: =IF($M$6=0,0,L37/(1+$G37)) -> 0 | L37: =IF($M$6=0,0,ROUND(I37*(1-$M$6),2)) -> 0 | M37: =ROUND(ROUND($F37,2)*ROUND(L37,2),2) -> 0
A38: 3 | D38: TERRAPLENAGEM | J38: =SUBTOTAL(9,J39:J48) -> 110230.85 | M38: =SUBTOTAL(9,M39:M48) -> 0
A39: 3.1 | D39: CORTE PARA ACERTO DE TALUDES E RAMPAS DE ACESSO | J39: =SUBTOTAL(9,J40:J41) -> 37452.21 | M39: =SUBTOTAL(9,M40:M41) -> 0
A40: 3.1.1 | B40: 22.02.01 | C40: DER | D40: ESCAVACAO E CARGA DE MATERIAL DE 1/2A CATEGORIA | E40: m3 | F40: 1405.6 | G40: =IF(C40="DER",0.35,$I$7) -> 0.35 | H40: 9.3851852 | I40: =ROUND(H40*(1+$G40),2) -> 12.67 | J40: =ROUND(ROUND($F40,2)*ROUND(I40,2),2) -> 17808.95 | K40: =IF($M$6=0,0,L40/(1+$G40)) -> 0 | L40: =IF($M$6=0,0,ROUND(I40*(1-$M$6),2)) -> 0 | M40: =ROUND(ROUND($F40,2)*ROUND(L40,2),2) -> 0
A41: 3.1.2 | B41: 05.10.020 | C41: CDHU | D41: Transporte de solo de 1ª e 2ª categoria por caminhão até o 2° km | E41: M3 | F41: 1827.28 | G41: =IF(C41="DER",0.35,$I$7) -> 0.228 | H41: 8.75 | I41: =ROUND(H41*(1+$G41),2) -> 10.75 | J41: =ROUND(ROUND($F41,2)*ROUND(I41,2),2) -> 19643.26 | K41: =IF($M$6=0,0,L41/(1+$G41)) -> 0 | L41: =IF($M$6=0,0,ROUND(I41*(1-$M$6),2)) -> 0 | M41: =ROUND(ROUND($F41,2)*ROUND(L41,2),2) -> 0
A42: 3.2 | D42: ESCORAMENTO DE VALA | J42: =SUBTOTAL(9,J43) -> 28572.86 | M42: =SUBTOTAL(9,M43) -> 0
A43: 3.2.1 | B43: 08.01.020 | C43: CDHU | D43: Escoramento de solo contínuo | E43: M2 | F43: 223.82 | G43: =IF(C43="DER",0.35,$I$7) -> 0.228 | H43: 103.96 | I43: =ROUND(H43*(1+$G43),2) -> 127.66 | J43: =ROUND(ROUND($F43,2)*ROUND(I43,2),2) -> 28572.86 | K43: =IF($M$6=0,0,L43/(1+$G43)) -> 0 | L43: =IF($M$6=0,0,ROUND(I43*(1-$M$6),2)) -> 0 | M43: =ROUND(ROUND($F43,2)*ROUND(L43,2),2) -> 0
A44: 3.3 | D44: ATERRO PARA ACERTO DE TALUDES | J44: =SUBTOTAL(9,J45:J48) -> 44205.78 | M44: =SUBTOTAL(9,M45:M48) -> 0
A45: 3.3.1 | B45: 22.02.01 | C45: DER | D45: ESCAVACAO E CARGA DE MATERIAL DE 1/2A CATEGORIA | E45: m3 | F45: 1144.5 | G45: =IF(C45="DER",0.35,$I$7) -> 0.35 | H45: 9.3851852 | I45: =ROUND(H45*(1+$G45),2) -> 12.67 | J45: =ROUND(ROUND($F45,2)*ROUND(I45,2),2) -> 14500.82 | K45: =IF($M$6=0,0,L45/(1+$G45)) -> 0 | L45: =IF($M$6=0,0,ROUND(I45*(1-$M$6),2)) -> 0 | M45: =ROUND(ROUND($F45,2)*ROUND(L45,2),2) -> 0
A46: 3.3.2 | B46: 05.10.020 | C46: CDHU | D46: Transporte de solo de 1ª e 2ª categoria por caminhão até o 2° km | E46: M3 | F46: 1487.85 | G46: =IF(C46="DER",0.35,$I$7) -> 0.228 | H46: 8.75 | I46: =ROUND(H46*(1+$G46),2) -> 10.75 | J46: =ROUND(ROUND($F46,2)*ROUND(I46,2),2) -> 15994.39 | K46: =IF($M$6=0,0,L46/(1+$G46)) -> 0 | L46: =IF($M$6=0,0,ROUND(I46*(1-$M$6),2)) -> 0 | M46: =ROUND(ROUND($F46,2)*ROUND(L46,2),2) -> 0
A47: 3.3.3 | B47: 22.04.01 | C47: DER | D47: COMPACTACAO DE ATERRO MAIOR/IGUAL 95% PS | E47: m3 | F47: 1144.5 | G47: =IF(C47="DER",0.35,$I$7) -> 0.35 | H47: 4.8666667 | I47: =ROUND(H47*(1+$G47),2) -> 6.57 | J47: =ROUND(ROUND($F47,2)*ROUND(I47,2),2) -> 7519.37 | K47: =IF($M$6=0,0,L47/(1+$G47)) -> 0 | L47: =IF($M$6=0,0,ROUND(I47*(1-$M$6),2)) -> 0 | M47: =ROUND(ROUND($F47,2)*ROUND(L47,2),2) -> 0
A48: 3.3.4 | B48: 05.10.026 | C48: CDHU | D48: Transporte de solo de 1ª e 2ª categoria por caminhão para distâncias superiores ao 20° km | E48: M3XKM | F48: 2715.44 | G48: =IF(C48="DER",0.35,$I$7) -> 0.228 | H48: 1.86 | I48: =ROUND(H48*(1+$G48),2) -> 2.28 | J48: =ROUND(ROUND($F48,2)*ROUND(I48,2),2) -> 6191.2 | K48: =IF($M$6=0,0,L48/(1+$G48)) -> 0 | L48: =IF($M$6=0,0,ROUND(I48*(1-$M$6),2)) -> 0 | M48: =ROUND(ROUND($F48,2)*ROUND(L48,2),2) -> 0
A49: 4 | D49: PROTEÇÃO DE MARGENS | J49: =SUBTOTAL(9,J50:J59) -> 678432.09 | M49: =SUBTOTAL(9,M50:M59) -> 0
A50: 4.1 | D50: ABERTURA DE VALA | J50: =SUBTOTAL(9,J51:J52) -> 9627.08 | M50: =SUBTOTAL(9,M51:M52) -> 0
A51: 4.1.1 | B51: 22.02.11 | C51: DER | D51: ESCAVAÇÃO OU DESMONTE E CARGA COM EQUIPAMENTO HIDRAULICO (PICÃO) | E51: m3 | F51: 154.3 | G51: =IF(C51="DER",0.35,$I$7) -> 0.35 | H51: 28.651852 | I51: =ROUND(H51*(1+$G51),2) -> 38.68 | J51: =ROUND(ROUND($F51,2)*ROUND(I51,2),2) -> 5968.32 | K51: =IF($M$6=0,0,L51/(1+$G51)) -> 0 | L51: =IF($M$6=0,0,ROUND(I51*(1-$M$6),2)) -> 0 | M51: =ROUND(ROUND($F51,2)*ROUND(L51,2),2) -> 0
A52: 4.1.2 | B52: 05.10.026 | C52: CDHU | D52: Transporte de solo de 1ª e 2ª categoria por caminhão para distâncias superiores ao 20° km | E52: M3XKM | F52: 1604.72 | G52: =IF(C52="DER",0.35,$I$7) -> 0.228 | H52: 1.86 | I52: =ROUND(H52*(1+$G52),2) -> 2.28 | J52: =ROUND(ROUND($F52,2)*ROUND(I52,2),2) -> 3658.76 | K52: =IF($M$6=0,0,L52/(1+$G52)) -> 0 | L52: =IF($M$6=0,0,ROUND(I52*(1-$M$6),2)) -> 0 | M52: =ROUND(ROUND($F52,2)*ROUND(L52,2),2) -> 0
A53: 4.2 | D53: EXECUÇÃO DE LASTRO DE RACHÃO | J53: =SUBTOTAL(9,J54:J55) -> 61393.49 | M53: =SUBTOTAL(9,M54:M55) -> 0
A54: 4.2.1 | B54: 23.04.03.04 | C54: DER | D54: SUB-BASE OU BASE DE PEDRA RACHAO, CONF. ET-POO/042 (DERSA) | E54: m3 | F54: 154.3 | G54: =IF(C54="DER",0.35,$I$7) -> 0.35 | H54: 276.93333 | I54: =ROUND(H54*(1+$G54),2) -> 373.86 | J54: =ROUND(ROUND($F54,2)*ROUND(I54,2),2) -> 57686.6 | K54: =IF($M$6=0,0,L54/(1+$G54)) -> 0 | L54: =IF($M$6=0,0,ROUND(I54*(1-$M$6),2)) -> 0 | M54: =ROUND(ROUND($F54,2)*ROUND(L54,2),2) -> 0
A55: 4.2.2 | B55: 05.10.041 | C55: CDHU | D55: Transporte de material escavado - rocha | E55: M3XKM | F55: 1123.3 | G55: =IF(C55="DER",0.35,$I$7) -> 0.228 | H55: 2.69 | I55: =ROUND(H55*(1+$G55),2) -> 3.3 | J55: =ROUND(ROUND($F55,2)*ROUND(I55,2),2) -> 3706.89 | K55: =IF($M$6=0,0,L55/(1+$G55)) -> 0 | L55: =IF($M$6=0,0,ROUND(I55*(1-$M$6),2)) -> 0 | M55: =ROUND(ROUND($F55,2)*ROUND(L55,2),2) -> 0
A56: 4.3 | D56: EXECUÇÃO DE GABIÃO CAIXA | J56: =SUBTOTAL(9,J57) -> 520635.25 | M56: =SUBTOTAL(9,M57) -> 0
A57: 4.3.1 | B57: 24.09.04.07 | C57: DER | D57: GABIAO TIPO CAIXA,ZN90/AL10,NBR 8964,H=1,00 M REVEST.POLI.ABRASAO MENOR QUE 12% | E57: m3 | F57: 535 | G57: =IF(C57="DER",0.35,$I$7) -> 0.35 | H57: 720.85185 | I57: =ROUND(H57*(1+$G57),2) -> 973.15 | J57: =ROUND(ROUND($F57,2)*ROUND(I57,2),2) -> 520635.25 | K57: =IF($M$6=0,0,L57/(1+$G57)) -> 0 | L57: =IF($M$6=0,0,ROUND(I57*(1-$M$6),2)) -> 0 | M57: =ROUND(ROUND($F57,2)*ROUND(L57,2),2) -> 0
A58: 4.4 | D58: EXECUÇÃO DE GABIÃO COLCHÃO | J58: =SUBTOTAL(9,J59) -> 86776.27 | M58: =SUBTOTAL(9,M59) -> 0
A59: 4.4.1 | B59: 24.09.07.03 | C59: DER | D59: GABIAO TP.COLCHAO,ZN90/AL10,NBR 8964,ESP.30CM,REVEST.POLIM.ABRAS.MENOR QUE 12% | E59: m2 | F59: 134.15 | G59: =IF(C59="DER",0.35,$I$7) -> 0.35 | H59: 479.15556 | I59: =ROUND(H59*(1+$G59),2) -> 646.86 | J59: =ROUND(ROUND($F59,2)*ROUND(I59,2),2) -> 86776.27 | K59: =IF($M$6=0,0,L59/(1+$G59)) -> 0 | L59: =IF($M$6=0,0,ROUND(I59*(1-$M$6),2)) -> 0 | M59: =ROUND(ROUND($F59,2)*ROUND(L59,2),2) -> 0
A60: 5 | D60: DRENAGEM | J60: =SUBTOTAL(9,J61:J92) -> 55592.15 | M60: =SUBTOTAL(9,M61:M92) -> 0
A61: 5.1 | D61: DEMOLIÇÃO DE BOCA DE LOBO | J61: =SUBTOTAL(9,J62:J64) -> 1171.01 | M61: =SUBTOTAL(9,M62:M64) -> 0
A62: 5.1.1 | B62: 03.01.020 | C62: CDHU | D62: Demolição manual de concreto simples | E62: M3 | F62: 3.49 | G62: =IF(C62="DER",0.35,$I$7) -> 0.228 | H62: 249.81 | I62: =ROUND(H62*(1+$G62),2) -> 306.77 | J62: =ROUND(ROUND($F62,2)*ROUND(I62,2),2) -> 1070.63 | K62: =IF($M$6=0,0,L62/(1+$G62)) -> 0 | L62: =IF($M$6=0,0,ROUND(I62*(1-$M$6),2)) -> 0 | M62: =ROUND(ROUND($F62,2)*ROUND(L62,2),2) -> 0
A63: 5.1.2 | B63: 22.02.06 | C63: DER | D63: CARGA DE MATERIAL LIMPEZA | E63: m3 | F63: 3.49 | G63: =IF(C63="DER",0.35,$I$7) -> 0.35 | H63: 3.7407407 | I63: =ROUND(H63*(1+$G63),2) -> 5.05 | J63: =ROUND(ROUND($F63,2)*ROUND(I63,2),2) -> 17.62 | K63: =IF($M$6=0,0,L63/(1+$G63)) -> 0 | L63: =IF($M$6=0,0,ROUND(I63*(1-$M$6),2)) -> 0 | M63: =ROUND(ROUND($F63,2)*ROUND(L63,2),2) -> 0
A64: 5.1.3 | B64: 05.10.026 | C64: CDHU | D64: Transporte de solo de 1ª e 2ª categoria por caminhão para distâncias superiores ao 20° km | E64: M3XKM | F64: 36.3 | G64: =IF(C64="DER",0.35,$I$7) -> 0.228 | H64: 1.86 | I64: =ROUND(H64*(1+$G64),2) -> 2.28 | J64: =ROUND(ROUND($F64,2)*ROUND(I64,2),2) -> 82.76 | K64: =IF($M$6=0,0,L64/(1+$G64)) -> 0 | L64: =IF($M$6=0,0,ROUND(I64*(1-$M$6),2)) -> 0 | M64: =ROUND(ROUND($F64,2)*ROUND(L64,2),2) -> 0
A65: 5.2 | D65: DEMOLIÇÃO DE TUBULAÇÃO | J65: =SUBTOTAL(9,J66:J67) -> 708.99 | M65: =SUBTOTAL(9,M66:M67) -> 0
A66: 5.2.1 | B66: 03.01.210 | C66: CDHU | D66: Demolição mecanizada de concreto armado, inclusive fragmentação e acomodação do material | E66: M3 | F66: 0.98 | G66: =IF(C66="DER",0.35,$I$7) -> 0.228 | H66: 569.84 | I66: =ROUND(H66*(1+$G66),2) -> 699.76 | J66: =ROUND(ROUND($F66,2)*ROUND(I66,2),2) -> 685.76 | K66: =IF($M$6=0,0,L66/(1+$G66)) -> 0 | L66: =IF($M$6=0,0,ROUND(I66*(1-$M$6),2)) -> 0 | M66: =ROUND(ROUND($F66,2)*ROUND(L66,2),2) -> 0
A67: 5.2.2 | B67: 05.10.026 | C67: CDHU | D67: Transporte de solo de 1ª e 2ª categoria por caminhão para distâncias superiores ao 20° km | E67: M3XKM | F67: 10.19 | G67: =IF(C67="DER",0.35,$I$7) -> 0.228 | H67: 1.86 | I67: =ROUND(H67*(1+$G67),2) -> 2.28 | J67: =ROUND(ROUND($F67,2)*ROUND(I67,2),2) -> 23.23 | K67: =IF($M$6=0,0,L67/(1+$G67)) -> 0 | L67: =IF($M$6=0,0,ROUND(I67*(1-$M$6),2)) -> 0 | M67: =ROUND(ROUND($F67,2)*ROUND(L67,2),2) -> 0
A68: 5.3 | D68: DEMOLIÇÃO DE MURO ALA | J68: =SUBTOTAL(9,J69:J71) -> 1275.03 | M68: =SUBTOTAL(9,M69:M71) -> 0
A69: 5.3.1 | B69: 03.01.020 | C69: CDHU | D69: Demolição manual de concreto simples | E69: M3 | F69: 3.8 | G69: =IF(C69="DER",0.35,$I$7) -> 0.228 | H69: 249.81 | I69: =ROUND(H69*(1+$G69),2) -> 306.77 | J69: =ROUND(ROUND($F69,2)*ROUND(I69,2),2) -> 1165.73 | K69: =IF($M$6=0,0,L69/(1+$G69)) -> 0 | L69: =IF($M$6=0,0,ROUND(I69*(1-$M$6),2)) -> 0 | M69: =ROUND(ROUND($F69,2)*ROUND(L69,2),2) -> 0
A70: 5.3.2 | B70: 22.02.06 | C70: DER | D70: CARGA DE MATERIAL LIMPEZA | E70: m3 | F70: 3.8 | G70: =IF(C70="DER",0.35,$I$7) -> 0.35 | H70: 3.7407407 | I70: =ROUND(H70*(1+$G70),2) -> 5.05 | J70: =ROUND(ROUND($F70,2)*ROUND(I70,2),2) -> 19.19 | K70: =IF($M$6=0,0,L70/(1+$G70)) -> 0 | L70: =IF($M$6=0,0,ROUND(I70*(1-$M$6),2)) -> 0 | M70: =ROUND(ROUND($F70,2)*ROUND(L70,2),2) -> 0
A71: 5.3.3 | B71: 05.10.026 | C71: CDHU | D71: Transporte de solo de 1ª e 2ª categoria por caminhão para distâncias superiores ao 20° km | E71: M3XKM | F71: 39.52 | G71: =IF(C71="DER",0.35,$I$7) -> 0.228 | H71: 1.86 | I71: =ROUND(H71*(1+$G71),2) -> 2.28 | J71: =ROUND(ROUND($F71,2)*ROUND(I71,2),2) -> 90.11 | K71: =IF($M$6=0,0,L71/(1+$G71)) -> 0 | L71: =IF($M$6=0,0,ROUND(I71*(1-$M$6),2)) -> 0 | M71: =ROUND(ROUND($F71,2)*ROUND(L71,2),2) -> 0
A72: 5.4 | D72: ABERTURA DE VALA | J72: =SUBTOTAL(9,J73) -> 1161.11 | M72: =SUBTOTAL(9,M73) -> 0
A73: 5.4.1 | B73: 07.02.020 | C73: CDHU | D73: Escavação mecanizada de valas ou cavas com profundidade de até 2 m | E73: M3 | F73: 82.7 | G73: =IF(C73="DER",0.35,$I$7) -> 0.228 | H73: 11.43 | I73: =ROUND(H73*(1+$G73),2) -> 14.04 | J73: =ROUND(ROUND($F73,2)*ROUND(I73,2),2) -> 1161.11 | K73: =IF($M$6=0,0,L73/(1+$G73)) -> 0 | L73: =IF($M$6=0,0,ROUND(I73*(1-$M$6),2)) -> 0 | M73: =ROUND(ROUND($F73,2)*ROUND(L73,2),2) -> 0
A74: 5.5 | D74: ESCORAMENTO DE VALA | J74: =SUBTOTAL(9,J75) -> 10217.91 | M74: =SUBTOTAL(9,M75) -> 0
A75: 5.5.1 | B75: 08.01.020 | C75: CDHU | D75: Escoramento de solo contínuo | E75: M2 | F75: 80.04 | G75: =IF(C75="DER",0.35,$I$7) -> 0.228 | H75: 103.96 | I75: =ROUND(H75*(1+$G75),2) -> 127.66 | J75: =ROUND(ROUND($F75,2)*ROUND(I75,2),2) -> 10217.91 | K75: =IF($M$6=0,0,L75/(1+$G75)) -> 0 | L75: =IF($M$6=0,0,ROUND(I75*(1-$M$6),2)) -> 0 | M75: =ROUND(ROUND($F75,2)*ROUND(L75,2),2) -> 0
A76: 5.6 | D76: PREPARO DE FUNDO DE VALA | J76: =SUBTOTAL(9,J77) -> 1522.37 | M76: =SUBTOTAL(9,M77) -> 0
A77: 5.6.1 | B77: 11.18.040 | C77: CDHU | D77: Lastro de pedra britada | E77: M3 | F77: 5.66 | G77: =IF(C77="DER",0.35,$I$7) -> 0.228 | H77: 219.03 | I77: =ROUND(H77*(1+$G77),2) -> 268.97 | J77: =ROUND(ROUND($F77,2)*ROUND(I77,2),2) -> 1522.37 | K77: =IF($M$6=0,0,L77/(1+$G77)) -> 0 | L77: =IF($M$6=0,0,ROUND(I77*(1-$M$6),2)) -> 0 | M77: =ROUND(ROUND($F77,2)*ROUND(L77,2),2) -> 0
A78: 5.7 | D78: FORNECIMENTO E ASSENTAMENTO DE TUBOS | J78: =SUBTOTAL(9,J79:J80) -> 7863.08 | M78: =SUBTOTAL(9,M79:M80) -> 0
A79: 5.7.1 | B79: 46.12.300 | C79: CDHU | D79: Tubo de concreto (PA-2), DN= 500mm | E79: M | F79: 17.35 | G79: =IF(C79="DER",0.35,$I$7) -> 0.228 | H79: 210.88 | I79: =ROUND(H79*(1+$G79),2) -> 258.96 | J79: =ROUND(ROUND($F79,2)*ROUND(I79,2),2) -> 4492.96 | K79: =IF($M$6=0,0,L79/(1+$G79)) -> 0 | L79: =IF($M$6=0,0,ROUND(I79*(1-$M$6),2)) -> 0 | M79: =ROUND(ROUND($F79,2)*ROUND(L79,2),2) -> 0
A80: 5.7.2 | B80: 46.12.150 | C80: CDHU | D80: Tubo de concreto (PA-2), DN= 600mm | E80: M | F80: 10.56 | G80: =IF(C80="DER",0.35,$I$7) -> 0.228 | H80: 259.89 | I80: =ROUND(H80*(1+$G80),2) -> 319.14 | J80: =ROUND(ROUND($F80,2)*ROUND(I80,2),2) -> 3370.12 | K80: =IF($M$6=0,0,L80/(1+$G80)) -> 0 | L80: =IF($M$6=0,0,ROUND(I80*(1-$M$6),2)) -> 0 | M80: =ROUND(ROUND($F80,2)*ROUND(L80,2),2) -> 0
A81: 5.8 | D81: REATERRO DE VALAS | J81: =SUBTOTAL(9,J82:J84) -> 1328.45 | M81: =SUBTOTAL(9,M82:M84) -> 0
A82: 5.8.1 | B82: 07.11.020 | C82: CDHU | D82: Reaterro compactado mecanizado de vala ou cava com compactador | E82: M3 | F82: 66.85 | G82: =IF(C82="DER",0.35,$I$7) -> 0.228 | H82: 7.49 | I82: =ROUND(H82*(1+$G82),2) -> 9.2 | J82: =ROUND(ROUND($F82,2)*ROUND(I82,2),2) -> 615.02 | K82: =IF($M$6=0,0,L82/(1+$G82)) -> 0 | L82: =IF($M$6=0,0,ROUND(I82*(1-$M$6),2)) -> 0 | M82: =ROUND(ROUND($F82,2)*ROUND(L82,2),2) -> 0
A83: 5.8.2 | B83: 22.02.06 | C83: DER | D83: CARGA DE MATERIAL LIMPEZA | E83: m3 | F83: 66.85 | G83: =IF(C83="DER",0.35,$I$7) -> 0.35 | H83: 3.7407407 | I83: =ROUND(H83*(1+$G83),2) -> 5.05 | J83: =ROUND(ROUND($F83,2)*ROUND(I83,2),2) -> 337.59 | K83: =IF($M$6=0,0,L83/(1+$G83)) -> 0 | L83: =IF($M$6=0,0,ROUND(I83*(1-$M$6),2)) -> 0 | M83: =ROUND(ROUND($F83,2)*ROUND(L83,2),2) -> 0
A84: 5.8.3 | B84: 05.10.026 | C84: CDHU | D84: Transporte de solo de 1ª e 2ª categoria por caminhão para distâncias superiores ao 20° km | E84: M3XKM | F84: 164.84 | G84: =IF(C84="DER",0.35,$I$7) -> 0.228 | H84: 1.86 | I84: =ROUND(H84*(1+$G84),2) -> 2.28 | J84: =ROUND(ROUND($F84,2)*ROUND(I84,2),2) -> 375.84 | K84: =IF($M$6=0,0,L84/(1+$G84)) -> 0 | L84: =IF($M$6=0,0,ROUND(I84*(1-$M$6),2)) -> 0 | M84: =ROUND(ROUND($F84,2)*ROUND(L84,2),2) -> 0
A85: 5.9 | D85: EXECUÇÃO DE POÇO DE VISITA | J85: =SUBTOTAL(9,J86:J90) -> 11016.84 | M85: =SUBTOTAL(9,M86:M90) -> 0
A86: 5.9.1 | B86: 49.12.110 | C86: CDHU | D86: Poço de visita de 1,60 x 1,60 x 1,60 m - tipo PMSP | E86: UN | F86: 1 | G86: =IF(C86="DER",0.35,$I$7) -> 0.228 | H86: 6990.03 | I86: =ROUND(H86*(1+$G86),2) -> 8583.76 | J86: =ROUND(ROUND($F86,2)*ROUND(I86,2),2) -> 8583.76 | K86: =IF($M$6=0,0,L86/(1+$G86)) -> 0 | L86: =IF($M$6=0,0,ROUND(I86*(1-$M$6),2)) -> 0 | M86: =ROUND(ROUND($F86,2)*ROUND(L86,2),2) -> 0
A87: 5.9.2 | B87: 49.12.120 | C87: CDHU | D87: Chaminé para poço de visita tipo PMSP em alvenaria, diâmetro interno 70 cm - pescoço | E87: M | F87: 0.75 | G87: =IF(C87="DER",0.35,$I$7) -> 0.228 | H87: 779.02 | I87: =ROUND(H87*(1+$G87),2) -> 956.64 | J87: =ROUND(ROUND($F87,2)*ROUND(I87,2),2) -> 717.48 | K87: =IF($M$6=0,0,L87/(1+$G87)) -> 0 | L87: =IF($M$6=0,0,ROUND(I87*(1-$M$6),2)) -> 0 | M87: =ROUND(ROUND($F87,2)*ROUND(L87,2),2) -> 0
A88: 5.9.3 | B88: 49.06.400 | C88: CDHU | D88: Tampão em ferro fundido, diâmetro de 600 mm, classe B 125 (ruptura > 125 kN) | E88: UN | F88: 1 | G88: =IF(C88="DER",0.35,$I$7) -> 0.228 | H88: 482.61 | I88: =ROUND(H88*(1+$G88),2) -> 592.65 | J88: =ROUND(ROUND($F88,2)*ROUND(I88,2),2) -> 592.65 | K88: =IF($M$6=0,0,L88/(1+$G88)) -> 0 | L88: =IF($M$6=0,0,ROUND(I88*(1-$M$6),2)) -> 0 | M88: =ROUND(ROUND($F88,2)*ROUND(L88,2),2) -> 0
A89: 5.9.4 | B89: 54.04.030 | C89: CDHU | D89: Pavimentação em paralelepípedo, sem rejunte | E89: M2 | F89: 2.56 | G89: =IF(C89="DER",0.35,$I$7) -> 0.228 | H89: 339.19 | I89: =ROUND(H89*(1+$G89),2) -> 416.53 | J89: =ROUND(ROUND($F89,2)*ROUND(I89,2),2) -> 1066.32 | K89: =IF($M$6=0,0,L89/(1+$G89)) -> 0 | L89: =IF($M$6=0,0,ROUND(I89*(1-$M$6),2)) -> 0 | M89: =ROUND(ROUND($F89,2)*ROUND(L89,2),2) -> 0
A90: 5.9.5 | B90: 54.04.050 | C90: CDHU | D90: Rejuntamento de paralelepípedo com argamassa de cimento e areia 1:3 | E90: M2 | F90: 2.56 | G90: =IF(C90="DER",0.35,$I$7) -> 0.228 | H90: 18.01 | I90: =ROUND(H90*(1+$G90),2) -> 22.12 | J90: =ROUND(ROUND($F90,2)*ROUND(I90,2),2) -> 56.63 | K90: =IF($M$6=0,0,L90/(1+$G90)) -> 0 | L90: =IF($M$6=0,0,ROUND(I90*(1-$M$6),2)) -> 0 | M90: =ROUND(ROUND($F90,2)*ROUND(L90,2),2) -> 0
A91: 5.10 | D91: EXECUÇÃO DE BOCA DE LOBO | J91: =SUBTOTAL(9,J92) -> 19327.36 | M91: =SUBTOTAL(9,M92) -> 0
A92: 5.10.1 | B92: CPU-01 | C92: COMPOSIÇÃO | D92: BOCA DE LEÃO DUPLA COM GRELHA ARTICULADA DE FOFO | E92: UN | F92: 2 | G92: =IF(C92="DER",0.35,$I$7) -> 0.228 | H92: 7869.45 | I92: =ROUND(H92*(1+$G92),2) -> 9663.68 | J92: =ROUND(ROUND($F92,2)*ROUND(I92,2),2) -> 19327.36 | K92: =IF($M$6=0,0,L92/(1+$G92)) -> 0 | L92: =IF($M$6=0,0,ROUND(I92*(1-$M$6),2)) -> 0 | M92: =ROUND(ROUND($F92,2)*ROUND(L92,2),2) -> 0
A93: 6 | D93: GUIAS E SARJETAS | J93: =SUBTOTAL(9,J94:J101) -> 7734.82 | M93: =SUBTOTAL(9,M94:M101) -> 0
A94: 6.1 | D94: DEMOLIÇÃO DE GUIAS E SARJETAS | J94: =SUBTOTAL(9,J95:J96) -> 1818.71 | M94: =SUBTOTAL(9,M95:M96) -> 0
A95: 6.1.1 | B95: 03.01.270 | C95: CDHU | D95: Demolição mecanizada de sarjeta ou sarjetão, inclusive fragmentação e acomodação do material | E95: M3 | F95: 4.53 | G95: =IF(C95="DER",0.35,$I$7) -> 0.228 | H95: 307.63 | I95: =ROUND(H95*(1+$G95),2) -> 377.77 | J95: =ROUND(ROUND($F95,2)*ROUND(I95,2),2) -> 1711.3 | K95: =IF($M$6=0,0,L95/(1+$G95)) -> 0 | L95: =IF($M$6=0,0,ROUND(I95*(1-$M$6),2)) -> 0 | M95: =ROUND(ROUND($F95,2)*ROUND(L95,2),2) -> 0
A96: 6.1.2 | B96: 05.10.026 | C96: CDHU | D96: Transporte de solo de 1ª e 2ª categoria por caminhão para distâncias superiores ao 20° km | E96: M3XKM | F96: 47.11 | G96: =IF(C96="DER",0.35,$I$7) -> 0.228 | H96: 1.86 | I96: =ROUND(H96*(1+$G96),2) -> 2.28 | J96: =ROUND(ROUND($F96,2)*ROUND(I96,2),2) -> 107.41 | K96: =IF($M$6=0,0,L96/(1+$G96)) -> 0 | L96: =IF($M$6=0,0,ROUND(I96*(1-$M$6),2)) -> 0 | M96: =ROUND(ROUND($F96,2)*ROUND(L96,2),2) -> 0
A97: 6.2 | D97: EXECUÇÃO DE GUIAS E SARJETAS | J97: =SUBTOTAL(9,J98:J101) -> 5916.11 | M97: =SUBTOTAL(9,M98:M101) -> 0
A98: 6.2.1 | B98: 54.01.010 | C98: CDHU | D98: Regularização e compactação mecanizada de superfície, sem controle do proctor normal | E98: M2 | F98: 37.23 | G98: =IF(C98="DER",0.35,$I$7) -> 0.228 | H98: 3.56 | I98: =ROUND(H98*(1+$G98),2) -> 4.37 | J98: =ROUND(ROUND($F98,2)*ROUND(I98,2),2) -> 162.7 | K98: =IF($M$6=0,0,L98/(1+$G98)) -> 0 | L98: =IF($M$6=0,0,ROUND(I98*(1-$M$6),2)) -> 0 | M98: =ROUND(ROUND($F98,2)*ROUND(L98,2),2) -> 0
A99: 6.2.2 | B99: 11.18.040 | C99: CDHU | D99: Lastro de pedra britada | E99: M3 | F99: 1.86 | G99: =IF(C99="DER",0.35,$I$7) -> 0.228 | H99: 219.03 | I99: =ROUND(H99*(1+$G99),2) -> 268.97 | J99: =ROUND(ROUND($F99,2)*ROUND(I99,2),2) -> 500.28 | K99: =IF($M$6=0,0,L99/(1+$G99)) -> 0 | L99: =IF($M$6=0,0,ROUND(I99*(1-$M$6),2)) -> 0 | M99: =ROUND(ROUND($F99,2)*ROUND(L99,2),2) -> 0
A100: 6.2.3 | B100: 54.06.151 | C100: CDHU | D100: Execução de perfil extrusado no local, sem concreto | E100: M3 | F100: 4.53 | G100: =IF(C100="DER",0.35,$I$7) -> 0.228 | H100: 448.57 | I100: =ROUND(H100*(1+$G100),2) -> 550.84 | J100: =ROUND(ROUND($F100,2)*ROUND(I100,2),2) -> 2495.31 | K100: =IF($M$6=0,0,L100/(1+$G100)) -> 0 | L100: =IF($M$6=0,0,ROUND(I100*(1-$M$6),2)) -> 0 | M100: =ROUND(ROUND($F100,2)*ROUND(L100,2),2) -> 0
A101: 6.2.4 | B101: 11.01.100 | C101: CDHU | D101: Concreto usinado, fck = 20 MPa | E101: M3 | F101: 4.53 | G101: =IF(C101="DER",0.35,$I$7) -> 0.228 | H101: 495.76 | I101: =ROUND(H101*(1+$G101),2) -> 608.79 | J101: =ROUND(ROUND($F101,2)*ROUND(I101,2),2) -> 2757.82 | K101: =IF($M$6=0,0,L101/(1+$G101)) -> 0 | L101: =IF($M$6=0,0,ROUND(I101*(1-$M$6),2)) -> 0 | M101: =ROUND(ROUND($F101,2)*ROUND(L101,2),2) -> 0
A102: 7 | D102: PAVIMENTAÇÃO | J102: =SUBTOTAL(9,J103:J122) -> 119760.45 | M102: =SUBTOTAL(9,M103:M122) -> 0
A103: 7.1 | D103: REGULARIZAÇÃO E COMPACTAÇÃO DO SUBLEITO | J103: =SUBTOTAL(9,J104) -> 2344.64 | M103: =SUBTOTAL(9,M104) -> 0
...

Sheet Cronograma
A1: MUNICÍPIO DE SANTA BÁRBARA D'OESTE - SP
A2: SECRETARIA MUNICIPAL DE OBRAS E SERVIÇOS
A4: CRONOGRAMA FÍSICO-FINANCEIRO
A6: Objeto: | B6: =PO!$C$6 -> Recuperação da Ponte San Marino-Laranjeiras | W6: Data base: | Z6: =PO!$I$6 -> 46078
A7: Local: | B7: =PO!$C$7 -> Divisa entre os bairros San Marino e Laranjeiras no município de Santa Bárbara d'Oeste
A8: Empresa Licitante: | B8: =IF(PO!C8="","",PO!$C$8)
A10: ETAPA | C10: 1 | H10: 2 | L10: 3 | P10: 4 | U10: 5 | Y10: 6
A11: SEMANA | C11: 1 | D11: 2 | E11: 3 | F11: 4 | G11: 5 | H11: 6 | I11: 7 | J11: 8 | K11: 9 | L11: 10 | M11: 11 | N11: 12 | O11: 13 | P11: 14 | Q11: 15 | R11: 16 | S11: 17 | T11: 18 | U11: 19 | V11: 20 | W11: 21 | X11: 22 | Y11: 23 | Z11: 24 | AA11: 25 | AB11: 26
A12: SERVIÇOS PRELIMINARES | B12: =PO!$M$12 -> 0 | C12: 1 | D12: 1
A13: LIMPEZAS E DEMOLIÇÕES | B13: =PO!$M$20 -> 0 | D13: 1 | E13: 1 | F13: 1 | G13: 1
A14: TERRAPLENAGEM | B14: =PO!$M$38 -> 0 | F14: 1 | G14: 1 | H14: 1 | I14: 1 | J14: 1 | K14: 1 | L14: 1 | M14: 1 | N14: 1 | O14: 1
A15: PROTEÇÃO DE MARGENS | B15: =PO!$M$49 -> 0 | H15: 1 | I15: 1 | J15: 1 | K15: 1 | L15: 1 | M15: 1 | N15: 1 | O15: 1
A16: DRENAGEM | B16: =PO!$M$60 -> 0 | L16: 1 | M16: 1 | N16: 1 | O16: 1 | P16: 1 | Q16: 1
A17: GUIAS E SARJETAS | B17: =PO!$M$93 -> 0 | N17: 1 | O17: 1 | P17: 1 | Q17: 1
A18: PAVIMENTAÇÃO | B18: =PO!$M$102 -> 0 | O18: 1 | P18: 1 | Q18: 1 | R18: 1 | S18: 1 | T18: 1 | U18: 1 | V18: 1 | W18: 1 | X18: 1
A19: LAJE DE APROXIMAÇÃO DA PONTE | B19: =PO!$M$123 -> 0 | R19: 1 | S19: 1 | T19: 1 | U19: 1 | V19: 1 | W19: 1
A20: CALÇADAS | B20: =PO!$M$130 -> 0 | U20: 1 | V20: 1 | W20: 1 | X20: 1
A21: SINALIZAÇÃO DE TRÂNSITO | B21: =PO!$M$138 -> 0 | Y21: 1
A22: SERVIÇOS COMPLEMENTARES | B22: =PO!$M$141 -> 0 | Y22: 1 | Z22: 1 | AA22: 1 | AB22: 1
A23: CUSTO TOTAL ETAPA | C23: =SUM(C26:G36) -> 0 | H23: =SUM(H26:K36) -> 0 | L23: =SUM(L26:O36) -> 0 | P23: =SUM(P26:T36) -> 0 | U23: =SUM(U26:X36) -> 0 | Y23: =SUM(Y26:AB36) -> 0
A24: CUSTO TOTAL ACUMULADO | C24: =C23 -> 0 | H24: =H23+C24 -> 0 | L24: =L23+H24 -> 0 | P24: =P23+L24 -> 0 | U24: =U23+P24 -> 0 | Y24: =Y23+U24 -> 0
A26: =#ref! -> #NAME? | C26: =IF(AND(SUM($C12:$G12)>0,SUM($H12:$AB12)=0),$B12,0) -> 0 | H26: =IF(AND(SUM($H12:$K12)>0,SUM($L12:$AB12)=0),$B12,0) -> 0 | L26: =IF(AND(SUM($L12:$O12)>0,SUM($P12:$AB12)=0),$B12,0) -> 0 | P26: =IF(AND(SUM($P12:$T12)>0,SUM($U12:$AB12)=0),$B12,0) -> 0 | U26: =IF(AND(SUM($U12:$X12)>0,SUM($Y12:$AB12)=0),$B12,0) -> 0 | Y26: =IF(SUM($Y12:$AB12)=0,0,$B12) -> 0
A27: =#ref! -> #NAME? | C27: =IF(AND(SUM($C13:$G13)>0,SUM($H13:$AB13)=0),$B13,0) -> 0 | H27: =IF(AND(SUM($H13:$K13)>0,SUM($L13:$AB13)=0),$B13,0) -> 0 | L27: =IF(AND(SUM($L13:$O13)>0,SUM($P13:$AB13)=0),$B13,0) -> 0 | P27: =IF(AND(SUM($P13:$T13)>0,SUM($U13:$AB13)=0),$B13,0) -> 0 | U27: =IF(AND(SUM($U13:$X13)>0,SUM($Y13:$AB13)=0),$B13,0) -> 0 | Y27: =IF(SUM($Y13:$AB13)=0,0,$B13) -> 0
A28: =#ref! -> #NAME? | C28: =IF(AND(SUM($C14:$G14)>0,SUM($H14:$AB14)=0),$B14,0) -> 0 | H28: =IF(AND(SUM($H14:$K14)>0,SUM($L14:$AB14)=0),$B14,0) -> 0 | L28: =IF(AND(SUM($L14:$O14)>0,SUM($P14:$AB14)=0),$B14,0) -> 0 | P28: =IF(AND(SUM($P14:$T14)>0,SUM($U14:$AB14)=0),$B14,0) -> 0 | U28: =IF(AND(SUM($U14:$X14)>0,SUM($Y14:$AB14)=0),$B14,0) -> 0 | Y28: =IF(SUM($Y14:$AB14)=0,0,$B14) -> 0
A29: =#ref! -> #NAME? | C29: =IF(AND(SUM($C15:$G15)>0,SUM($H15:$AB15)=0),$B15,0) -> 0 | H29: =IF(AND(SUM($H15:$K15)>0,SUM($L15:$AB15)=0),$B15,0) -> 0 | L29: =IF(AND(SUM($L15:$O15)>0,SUM($P15:$AB15)=0),$B15,0) -> 0 | P29: =IF(AND(SUM($P15:$T15)>0,SUM($U15:$AB15)=0),$B15,0) -> 0 | U29: =IF(AND(SUM($U15:$X15)>0,SUM($Y15:$AB15)=0),$B15,0) -> 0 | Y29: =IF(SUM($Y15:$AB15)=0,0,$B15) -> 0
A30: =#ref! -> #NAME? | C30: =IF(AND(SUM($C16:$G16)>0,SUM($H16:$AB16)=0),$B16,0) -> 0 | H30: =IF(AND(SUM($H16:$K16)>0,SUM($L16:$AB16)=0),$B16,0) -> 0 | L30: =IF(AND(SUM($L16:$O16)>0,SUM($P16:$AB16)=0),$B16,0) -> 0 | P30: =IF(AND(SUM($P16:$T16)>0,SUM($U16:$AB16)=0),$B16,0) -> 0 | U30: =IF(AND(SUM($U16:$X16)>0,SUM($Y16:$AB16)=0),$B16,0) -> 0 | Y30: =IF(SUM($Y16:$AB16)=0,0,$B16) -> 0
A31: =#ref! -> #NAME? | C31: =IF(AND(SUM($C17:$G17)>0,SUM($H17:$AB17)=0),$B17,0) -> 0 | H31: =IF(AND(SUM($H17:$K17)>0,SUM($L17:$AB17)=0),$B17,0) -> 0 | L31: =IF(AND(SUM($L17:$O17)>0,SUM($P17:$AB17)=0),$B17,0) -> 0 | P31: =IF(AND(SUM($P17:$T17)>0,SUM($U17:$AB17)=0),$B17,0) -> 0 | U31: =IF(AND(SUM($U17:$X17)>0,SUM($Y17:$AB17)=0),$B17,0) -> 0 | Y31: =IF(SUM($Y17:$AB17)=0,0,$B17) -> 0
A32: =#ref! -> #NAME? | C32: =IF(AND(SUM($C18:$G18)>0,SUM($H18:$AB18)=0),$B18,0) -> 0 | H32: =IF(AND(SUM($H18:$K18)>0,SUM($L18:$AB18)=0),$B18,0) -> 0 | L32: =IF(AND(SUM($L18:$O18)>0,SUM($P18:$AB18)=0),$B18,0) -> 0 | P32: =IF(AND(SUM($P18:$T18)>0,SUM($U18:$AB18)=0),$B18,0) -> 0 | U32: =IF(AND(SUM($U18:$X18)>0,SUM($Y18:$AB18)=0),$B18,0) -> 0 | Y32: =IF(SUM($Y18:$AB18)=0,0,$B18) -> 0
A33: =#ref! -> #NAME? | C33: =IF(AND(SUM($C19:$G19)>0,SUM($H19:$AB19)=0),$B19,0) -> 0 | H33: =IF(AND(SUM($H19:$K19)>0,SUM($L19:$AB19)=0),$B19,0) -> 0 | L33: =IF(AND(SUM($L19:$O19)>0,SUM($P19:$AB19)=0),$B19,0) -> 0 | P33: =IF(AND(SUM($P19:$T19)>0,SUM($U19:$AB19)=0),$B19,0) -> 0 | U33: =IF(AND(SUM($U19:$X19)>0,SUM($Y19:$AB19)=0),$B19,0) -> 0 | Y33: =IF(SUM($Y19:$AB19)=0,0,$B19) -> 0
A34: =#ref! -> #NAME? | C34: =IF(AND(SUM($C20:$G20)>0,SUM($H20:$AB20)=0),$B20,0) -> 0 | H34: =IF(AND(SUM($H20:$K20)>0,SUM($L20:$AB20)=0),$B20,0) -> 0 | L34: =IF(AND(SUM($L20:$O20)>0,SUM($P20:$AB20)=0),$B20,0) -> 0 | P34: =IF(AND(SUM($P20:$T20)>0,SUM($U20:$AB20)=0),$B20,0) -> 0 | U34: =IF(AND(SUM($U20:$X20)>0,SUM($Y20:$AB20)=0),$B20,0) -> 0 | Y34: =IF(SUM($Y20:$AB20)=0,0,$B20) -> 0
A35: =#ref! -> #NAME? | C35: =IF(AND(SUM($C21:$G21)>0,SUM($H21:$AB21)=0),$B21,0) -> 0 | H35: =IF(AND(SUM($H21:$K21)>0,SUM($L21:$AB21)=0),$B21,0) -> 0 | L35: =IF(AND(SUM($L21:$O21)>0,SUM($P21:$AB21)=0),$B21,0) -> 0 | P35: =IF(AND(SUM($P21:$T21)>0,SUM($U21:$AB21)=0),$B21,0) -> 0 | U35: =IF(AND(SUM($U21:$X21)>0,SUM($Y21:$AB21)=0),$B21,0) -> 0 | Y35: =IF(SUM($Y21:$AB21)=0,0,$B21) -> 0
A36: =#ref! -> #NAME? | C36: =IF(AND(SUM($C22:$G22)>0,SUM($H22:$AB22)=0),$B22,0) -> 0 | H36: =IF(AND(SUM($H22:$K22)>0,SUM($L22:$AB22)=0),$B22,0) -> 0 | L36: =IF(AND(SUM($L22:$O22)>0,SUM($P22:$AB22)=0),$B22,0) -> 0 | P36: =IF(AND(SUM($P22:$T22)>0,SUM($U22:$AB22)=0),$B22,0) -> 0 | U36: =IF(AND(SUM($U22:$X22)>0,SUM($Y22:$AB22)=0),$B22,0) -> 0 | Y36: =IF(SUM($Y22:$AB22)=0,0,$B22) -> 0
